 Dungeon Crawl Stone Soup version 0.30.0-29-ga12c61a403 (webtiles) character file.

Game seed: 17938775416648041513

445 qw the Chopper (level 7, -1/43 HPs)
             Began as a Gargoyle Fighter on June 4, 2023.
             Slain by Pikel
             ... wielding a +2 whip of flaming
              (3 damage)
             ... on level 5 of the Dungeon.
             The game lasted 00:01:54 (3607 turns).

qw the Chopper (Gargoyle Fighter)                   Turns: 3607, Time: 00:01:54

Health: -1/43      AC: 16    Str: 28    XL:     7   Next: 3%
Magic:  7/7        EV: 10    Int:  8    God:
Gold:   177        SH:  4    Dex:  9    Spells: 6/6 levels left

rFire   . . .        Y - +0 war axe
rCold   . . .        c - +0 buckler
rNeg    + . .        b - +0 scale mail
rPois   inf          o - +0 helmet
rElec   +            k - +1 cloak
rCorr   .            (no gloves)
SInv    .            h - +0 pair of boots
Will    .....        (no amulet) Stlth
                     r - +6 ring of strength
HPRegen 0.27/turn    (no ring)
MPRegen 0.10/turn

%: no passive effects
@: no status effects
A: sickness immunity, AC +4, negative energy resistance 1, electricity
resistance, torment resistance 1, petrification resistance
a: no special abilities


You were on level 5 of the Dungeon.
You visited 2 branches of the dungeon, and saw 6 of its levels.

You collected 177 gold pieces.


Innate Abilities, Weirdness & Mutations

You are immune to sickness and miasma.
Your stone body is resilient. (AC +4)
You are immune to poison.
You resist negative energy. (rN+)
You are resistant to electric shocks. (rElec)
You are resistant to unholy torment.
You are immune to petrification.


   Skills:
 - Level 4.0 Fighting
 + Level 5.9 Axes
 - Level 3.2 Armour
 - Level 1.9 Dodging
 - Level 3.2 Shields


You had 6 spell levels left.
You didn't know any spells.
Your spell library was empty.

Inventory:

Hand Weapons
 a - a +2 flail of holy wrath
 Y - a +0 war axe (weapon)
Armour
 b - a +0 scale mail (worn)
 c - a +0 buckler (worn)
 h - a +0 pair of boots (worn)
 k - a +1 cloak (worn)
 m - a +1 leather armour of cold resistance
 o - a +0 helmet (worn)
Jewellery
 r - a +6 ring of strength (left hand)
Scrolls
 e - a scroll of identify
Potions
 d - a potion of might
 f - a potion of magic
 g - a potion of curing
 i - a potion of cancellation {unknown}
 j - a potion of lignification
 l - a potion of degeneration {unknown}

Dungeon Overview and Level Annotations

Branches:
Dungeon (5/15)             Temple (1/1) D:4

Altars:
Hepliaklqana
Makhleb
Qazlal
Trog
Vehumet
Wu Jian
Yredelemnul
Zin
The Shining One

Annotations:
D:5 Pikel


Message History

You hit Pikel.
Pikel is moderately wounded.
You barely miss the iguana. You hit the lemure.
The iguana completely misses you. You block Pikel's attack.
The lemure closely misses you.
You hit Pikel but do no damage.
Pikel is moderately wounded.
You hit the lemure but do no damage. You hit the iguana. You hit the lemure.
The lemure closely misses you.
Pikel says, "Hell isn't that bad."
Pikel hits you but does no damage. The iguana barely misses you.
The lemure hits you but does no damage.
You hit Pikel.
Pikel is moderately wounded.
You closely miss the iguana. You barely miss the lemure. You hit the lemure.
Pikel hits you with a +2 whip of flaming.
Pikel burns you. The iguana closely misses you. The lemure barely misses you.
The lemure closely misses you.
You closely miss Pikel.
Pikel is moderately wounded.
You hit the lemure but do no damage. You closely miss the lemure.
You hit the iguana but do no damage. Pikel barely misses you.
The iguana bites you.
The lemure hits you but does no damage. x2
You completely miss Pikel.
Pikel is moderately wounded.
You barely miss the lemure. You hit the iguana. You closely miss the lemure.
Pikel hits you but does no damage. The iguana barely misses you.
The lemure hits you. The lemure hits you!
Pikel hits you with a +2 whip of flaming.
Pikel burns you.
The iguana bites you but does no damage.
The lemure hits you but does no damage. x2
You hit Pikel.
Pikel is heavily wounded.
You closely miss the lemure. You hit the iguana. You barely miss the lemure.
The lemure hits you!
Pikel hits you with a +2 whip of flaming.
Pikel burns you.
You die...

####.....##### #<..#
.....##......######..
#......####.... #.
...###..#....... .
#.........# .
##.#......# ...
##.####.###
.....####..%....#
.....5l@5..######
.[....K5####
.......5# ........#
........# .........
......... .......#.


You could see Pikel, 4 lemures and an iguana.

Vanquished Creatures
  An ice beast (D:5)
  An ogre (D:4)
  A hound (D:5)
  2 iguanas
  Robin (D:4)
  6 adders
  2 worms
  6 dart slugs
  4 orcs
  6 bats
  6 endoplasms
  A giant cockroach (D:1)
  13 goblins
  12 hobgoblins
  10 jackals
  5 quokkas
  7 ball pythons
  2 frilled lizards
  9 kobolds
  4 rats
99 creatures vanquished.

Notes
Turn   | Place    | Note
-------+----------+-------------------------------------------
     0 | D:1      | qw the Gargoyle Fighter began the quest for the Orb.
     0 | D:1      | Reached XP level 1. HP: 14/14 MP: 1/1
     0 | D:1      | 0 ||| qw: Version: 0.2-a-106-g05974ce
     0 | D:1      | 0 ||| qw: Game counter: 1154
     0 | D:1      | 0 ||| qw: Always use a shield: true
     0 | D:1      | 0 ||| qw: God list: Okawaru
     0 | D:1      | 0 ||| qw: Allow faded altars: false
     0 | D:1      | 0 ||| qw: Do Orc after D:15 true
     0 | D:1      | 0 ||| qw: Do second Lair branch before Depths: true
     0 | D:1      | 0 ||| qw: Lair rune preference: random
     0 | D:1      | 0 ||| qw: Plans: Normal, Zot:1-4, Slime:5, God:TSO, Crypt,
                  | Tomb, Abyss, Pan, Hells, Win
     0 | D:1      | 0 ||| PLANNING D:1-11
    19 | D:1      | 19 ||| Stepping ~*~*~tactically~*~*~ (hiding).
    26 | D:1      | Reached skill level 2 in Axes
   177 | D:1      | Reached XP level 2. HP: 19/19 MP: 2/2
   422 | D:1      | Reached skill level 3 in Axes
   567 | D:1      | Reached XP level 3. HP: 23/23 MP: 3/3
   770 | D:1      | 770 ||| DROPPING +6 ring of intelligence.
   771 | D:1      | 771 ||| READING scroll labelled IHUMMUPILI.
   772 | D:1      | 772 ||| READING 3 scrolls labelled IBEJAADIXE.
   773 | D:1      | 773 ||| READING scroll labelled CAPHYBURACIE.
   774 | D:1      | 774 ||| DROPPING 2 scrolls of amnesia.
   855 | D:2      | 855 ||| Stepping ~*~*~tactically~*~*~ (hiding).
   891 | D:2      | 891 ||| Stepping ~*~*~tactically~*~*~ (stealth).
   894 | D:2      | 894 ||| Stepping ~*~*~tactically~*~*~ (stealth).
   912 | D:2      | 912 ||| DROPPING +0 club.
   982 | D:2      | 982 ||| Stepping ~*~*~tactically~*~*~ (hiding).
   984 | D:2      | 984 ||| Stepping ~*~*~tactically~*~*~ (hiding).
   994 | D:2      | 994 ||| Stepping ~*~*~tactically~*~*~ (stealth).
  1070 | D:2      | Reached XP level 4. HP: 13/28 MP: 4/4
  1441 | D:2      | Reached skill level 4 in Axes
  1449 | D:2      | 1449 ||| UPGRADING to +0 pair of boots.
  1454 | D:2      | 1454 ||| READING scroll labelled ACUCZU QIUCS.
  1538 | D:3      | 1538 ||| Stepping ~*~*~tactically~*~*~ (stealth).
  1713 | D:3      | 1713 ||| Stepping ~*~*~tactically~*~*~ (hiding).
  1715 | D:3      | 1715 ||| Stepping ~*~*~tactically~*~*~ (stealth).
  1770 | D:3      | 1770 ||| Stepping ~*~*~tactically~*~*~ (stealth).
  1814 | D:3      | 1814 ||| Stepping ~*~*~tactically~*~*~ (stealth).
  2165 | D:3      | 2165 ||| UPGRADING to +1 cloak.
  2170 | D:3      | 2170 ||| DRINKING 2 sapphire potions.
  2197 | D:3      | 2197 ||| READING 2 scrolls of identify.
  2197 | D:3      | 2197 ||| IDENTIFYING white potion
  2245 | D:4      | Reached XP level 5. HP: 32/32 MP: 5/5
  2448 | D:4      | Noticed Robin
  2465 | D:4      | Killed Robin
  2466 | D:4      | Reached skill level 5 in Axes
  2524 | D:4      | 2524 ||| Stepping ~*~*~tactically~*~*~ (hiding).
  2828 | D:4      | 2828 ||| Stepping ~*~*~tactically~*~*~ (stealth).
  2908 | D:4      | Found a staircase to the Ecumenical Temple.
  2909 | D:4      | 2909 ||| PLANNING TEMPLE
  2910 | D:4      | 2910 ||| DROPPING scarf of harm.
  2911 | D:4      | 2911 ||| UPGRADING to +0 helmet.
  2916 | D:4      | 2916 ||| UPGRADING to +6 ring of strength.
  2917 | D:4      | 2917 ||| READING scroll labelled GIFUEX NERCHAKH.
  2918 | D:4      | 2918 ||| READING 2 scrolls labelled HACWIR DITTA.
  2919 | D:4      | 2919 ||| READING scroll labelled CUAFOT INOCRE.
  3020 | D:4      | 3020 ||| READING 2 scrolls of identify.
  3020 | D:4      | 3020 ||| IDENTIFYING puce potion
  3021 | D:4      | 3021 ||| DROPPING scroll of blinking.
  3027 | Temple   | Entered the Ecumenical Temple
  3186 | Temple   | 3186 ||| PLANNING D:1-11
  3438 | D:5      | Entered Level 5 of the Dungeon
  3438 | D:5      | Noticed an ogre
  3445 | D:5      | 3445 ||| STAIRDANCE
  3448 | D:4      | Killed an ogre
  3449 | D:4      | Reached skill level 1 in Dodging
  3449 | D:4      | Reached XP level 6. HP: 34/38 MP: 6/6
  3505 | D:5      | Noticed an ice beast
  3506 | D:5      | 3506 ||| Stepping ~*~*~tactically~*~*~ (stealth).
  3508 | D:5      | 3508 ||| Stepping ~*~*~tactically~*~*~ (stealth).
  3529 | D:5      | Killed an ice beast
  3530 | D:5      | Reached XP level 7. HP: 26/43 MP: 7/7
  3594 | D:5      | Noticed Pikel
  3607 | D:5      | HP: 7/43 [lemure[Pikel] (7)]
  3607 | D:5      | HP: 2/43 [Pikel/+2 whip of flaming (5)]
  3607 | D:5      | Slain by Pikel

Levels and vault maps discovered:
D:1:      wander_arrival_abandoned_jail, layout_loops_ring
D:2:      layout_basic
D:3:      layout_loops_ring
D:4:      layout_cave_pods, minmay_temple_entry_hall, uniq_robin
D:5:      layout_rooms, nicolae_ashenzari_skybound, kennysheep_cross_room,
          uniq_pikel
Temple:   nicolae_temple_bog_church

Skill      XL: |  1  2  3  4  5 |
---------------+----------------+-----
Axes           | 2 3 4 5 |  5.9
Fighting       | 4 |  4.0
Dodging        | 1 |  1.9
Armour         | |  3.2
Shields        | |  3.2

Action                     |  1- 3 |  4- 6 |  7- 9 || total
---------------------------+-------+-------+-------++-------
  Melee: War axe           |   110 |   176 |     8 ||   294
    Use: Scroll            |     3 |     6 |       ||     9
         Potion            |       |     1 |       ||     1
 Armour: Scale mail        |    56 |   104 |     8 ||   168
  Dodge: Dodged            |    63 |    87 |    12 ||   162
  Block: Buckler           |    17 |    35 |     1 ||    53

Table legend:
 A = Non-vault XP
 B = Vault XP
 C = Vault XP percentage of total XP
 D = Non-vault monster count
 E = Vault monster count
 F = Vault count percentage of total count
                 A         B        C        D         E       F
            +---------+---------+-------+---------+---------+-------
      Total |     605 |      32 |   5.0 |      88 |      11 |  11.1
            +---------+---------+-------+---------+---------+-------
        D:1 |      54 |       0 |   0.0 |      27 |       0 |   0.0
        D:2 |      55 |       0 |   0.0 |      15 |       0 |   0.0
        D:3 |      53 |       0 |   0.0 |      18 |       0 |   0.0
        D:4 |     218 |      32 |  12.8 |      23 |      11 |  32.4
        D:5 |     225 |       0 |   0.0 |       5 |       0 |   0.0
            +---------+---------+-------+---------+---------+-------
